 Dungeon Crawl Stone Soup version 0.29-a0-271-gd4eb659eea (webtiles) character file.

Game seed: 1900207008108677292

1112 esteth the Magician (level 8, -1/53 HPs)
             Began as a Djinni Conjurer on Mar 8, 2022.
             Slain by a sixfirhy (12 damage)
             ... summoned by a kobold demonologist
             ... on level 6 of the Dungeon.
             The game lasted 00:07:04 (5842 turns).

esteth the Magician (Djinni Conjurer)               Turns: 5842, Time: 00:07:05

Health: -1/53      AC:  3    Str:  6    XL:     8   Next: 59%
Gold:   303        EV: 12    Int: 21    God:
                   SH:  0    Dex: 13

rFire   + + .      SeeInvis .   s - +11 flail "Yfeq" {holy, rCorr}
rCold   x . .      Faith    .   (no shield)
rNeg    . . .      Spirit   .   a - +0 robe
rPois   ∞          Reflect  .   (no helmet)
rElec   .          Harm     .   (no cloak)
rCorr   +          Rampage  .   m - +0 pair of gloves
Will    .....                   (boots unavailable)
Stlth   ++........              A - amulet of the acrobat
HPRegen 0.17/turn               (no ring)
MPRegen 0.00/turn               (no ring)

@: flying
A: sickness immunity, fire resistance 2, cold vulnerability 1, float, innate
caster, HP casting, extra vitality 1
a: no special abilities


You were on level 6 of the Dungeon.
You visited 1 branch of the dungeon, and saw 6 of its levels.

You collected 303 gold pieces.


Innate Abilities, Weirdness & Mutations

You are immune to sickness and miasma.
You are immune to poison.
Your flesh is very heat resistant. (rF++)
You are vulnerable to cold. (rC-)
You float through the air rather than walking.
You learn spells naturally, not from books.
Your magical power is your life essence.
You have superior vitality. (+4 MHP)


   Skills:
 - Level 1.7 Fighting
 - Level 4.0 Maces & Flails
 - Level 2.1 Dodging
 - Level 1.5 Stealth
 * Level 6.9 Spellcasting


You couldn't memorise any spells.
You knew the following spells:

 Your Spells              Type           Power      Damage    Failure   Level
d - Dazzling Flash        Conj/Hex       72%        N/A       1%          3
f - Fulminant Prism       Conj/Hex       18%        3d11      5%          4
i - Iskenderun's Mystic   Conj/Tloc      36%        2d9       5%          4
m - Magic Dart            Conj           100%       1d8       1%          1
s - Searing Ray           Conj           72%        2d7       1%          2
w - Wereblood             Tmut           36%        N/A       1%          2
S - Slow                  Hex            100%       N/A       1%          1
W - Swiftness             Air            36%        N/A       1%          3
Your spell library was empty.

Inventory:

Hand Weapons
 g - a +2 short sword of venom
   (You took it off a kobold on level 1 of the Dungeon)
 s - the +11 flail "Yfeq" (weapon) {holy, rCorr}
   (You found it on level 3 of the Dungeon)

   It has been blessed by the Shining One to cause great damage to the undead
   and demons.
   rCorr:     It protects you from acid and corrosion.
Missiles
 c - 190 stones
 v - 15 poisoned darts
 E - 2 javelins
Armour
 a - a +0 robe (worn)
 d - a +0 robe
   (You found it on level 1 of the Dungeon)
 e - a +0 leather armour
   (You found it on level 1 of the Dungeon)
 f - a +0 plate armour of cold resistance
   (You found it on level 1 of the Dungeon)
 i - a +0 scale mail
   (You found it on level 1 of the Dungeon)
 l - a +0 ring mail
   (You found it on level 1 of the Dungeon)
 m - a +0 pair of gloves (worn)
   (You found it on level 2 of the Dungeon)
 o - a +0 robe
   (You found it on level 2 of the Dungeon)
 q - a +0 plate armour
   (You found it on level 2 of the Dungeon)
 r - a +0 leather armour
   (You took it off an orc on level 3 of the Dungeon)
 u - a +0 leather armour
   (You found it on level 3 of the Dungeon)
 y - a +0 leather armour
   (You took it off an orc on level 3 of the Dungeon)
 z - a +0 ring mail
   (You took it off an orc on level 3 of the Dungeon)
 B - a +0 leather armour
   (You took it off an orc on level 3 of the Dungeon)
 D - a +0 leather armour
   (You found it on level 4 of the Dungeon)
 F - a +0 chain mail
   (You took it off an orc on level 4 of the Dungeon)
 G - a +0 robe
   (You found it on level 4 of the Dungeon)
 I - a +0 chain mail
   (You found it on level 4 of the Dungeon)
 M - a +0 robe
   (You took it off an orc wizard on level 4 of the Dungeon)
 Q - a +0 leather armour
   (You took it off an orc on level 5 of the Dungeon)
 R - a +0 leather armour
   (You took it off an orc on level 5 of the Dungeon)
Jewellery
 A - an amulet of the acrobat (around neck)
   (You found it on level 3 of the Dungeon)
 P - a ring of poison resistance
   (You took it off an orc on level 5 of the Dungeon)
Scrolls
 b - 4 scrolls of identify {unknown}
 h - 3 scrolls of teleportation {unknown}
 p - a scroll of fear {unknown}
 t - a scroll of magic mapping {unknown}
 w - a scroll of torment {unknown}
 x - a scroll of fog {unknown}
 C - a scroll of acquirement {unknown}
 H - 2 scrolls of enchant weapon {unknown}
 J - a scroll of immolation {unknown}
 L - a scroll of noise {unknown}
 O - a scroll of amnesia {unknown}
Potions
 j - 2 potions of haste {unknown}
 k - 2 potions of attraction {unknown}
 K - 3 potions of might {unknown}
 N - a potion of mutation {unknown}

Dungeon Overview and Level Annotations

Branches:
Dungeon (6/15)
 Temple: D:4-7

Altars:
Fedhas
Hepliaklqana
Nemelex Xobeh
Qazlal
Sif Muna
Trog

Shops:
D:2 *: D:4

(
#########+###
#............
#............
#............
#............
#....3.......
#...K@.......
#....5.......
#########....
... .


You could see a kobold demonologist, a sixfirhy (summoned) and a white imp
(summoned).


Message History

The adder hisses angrily.
The kobold demonologist shouts!
There is a stone staircase leading up here.
There are monsters nearby!
The adder barely misses you.
The kobold demonologist completely misses you.
Casting: Magic Dart (safe; 1% risk of failure)
Confirm with . or Enter, or press ? or * to list all spells.
Aiming: Fulminant Prism (dangerous; 5% risk of failure)
Press: ? - help, Dir - move target You conjure a prism of explosive energy!
A fulminant prism comes into view.
The adder bites you.
The kobold demonologist closely misses you. 😕 HP[-6]
You take 6 damage, and now have 47/53 hp.
You closely miss the kobold demonologist.
The adder bites you. The adder closely misses you.
Your fulminant prism crackles loudly.
The kobold demonologist barely misses you. 😕 HP[-3]
You take 3 damage, and now have 44/53 hp.
You sock the adder!
You kill the adder!
The kobold demonologist hits you with a +0 dagger.
The blast of energy engulfs the kobold demonologist! 😮 HP[-5]
You take 5 damage, and now have 39/53 hp.
Casting: Fulminant Prism (dangerous; 5% risk of failure)
Confirm with . or Enter, or press ? or * to list all spells.
Aiming: Fulminant Prism (dangerous; 5% risk of failure)
Press: ? - help, Dir - move target You conjure a prism of explosive energy!
A fulminant prism comes into view.
The kobold demonologist mumbles some strange words. 😮 HP[-4]
You take 4 damage, and now have 35/53 hp.
The ufetubus barely misses you. The ufetubus misses you.
The kobold demonologist misses you. The white imp closely misses you.
Your fulminant prism crackles loudly.
The ufetubus completely misses you. The ufetubus closely misses you.
The kobold demonologist closely misses you.
The blast of energy engulfs the ufetubus!!
You kill the ufetubus!
The ufetubus disappears in a puff of smoke!
The blast of energy engulfs the iron imp!!
You kill the iron imp!
The iron imp disappears in a puff of smoke!
The blast of energy engulfs the kobold demonologist!
The white imp gestures at you. The puff of frost hits you!
You feel a terrible chill!
You hear a shout! 😮 HP[-8]
You take 8 damage, and now have 27/53 hp.
Casting: Fulminant Prism (dangerous; 5% risk of failure)
Confirm with . or Enter, or press ? or * to list all spells.
Aiming: Fulminant Prism (dangerous; 5% risk of failure)
Press: ? - help, Dir - move target You conjure a prism of explosive energy!
* * * LOW HITPOINT WARNING * * *
A fulminant prism comes into view.
The kobold demonologist hits you with a +0 dagger.
* * * LOW HITPOINT WARNING * * *
The white imp hits you.
* * * LOW HITPOINT WARNING * * *
The white imp freezes you!
You feel a terrible chill!
* * * LOW HITPOINT WARNING * * *
😱 HP[-14]
You take 14 damage, and now have 13/53 hp.
MASSIVE DAMAGE!! (PAUSE)
Your fulminant prism crackles loudly.
The white imp gestures at you. The puff of frost hits you!
You feel a terrible chill!
* * * LOW HITPOINT WARNING * * *
There is a stone staircase leading up here. 😱 HP[-12]
You take 12 damage, and now have 1/53 hp.
MASSIVE DAMAGE!! (PAUSE) It was a potion of curing.
You feel better.
The kobold demonologist hits you with a +0 dagger.
* * * LOW HITPOINT WARNING * * *
The white imp hits you but does no damage. 😱 HP[+3]
You regained 3 hp, and now have 4/53 hp.
You feel better.
The kobold demonologist casts a spell.
The white imp misses you. 😨 HP[+10]
You regained 10 hp, and now have 14/53 hp.
You feel better. The sixfirhy closely misses you.
The kobold demonologist looks braver for a moment.
The sixfirhy barely misses you.
The white imp barely misses you. 😨 HP[+5]
You regained 5 hp, and now have 19/53 hp.
The sixfirhy hits you!
* * * LOW HITPOINT WARNING * * *
The sixfirhy shocks you!
You die...

Skill      XL: |  1  2  3  4  5  6  7  8 |
---------------+-------------------------+-----
Fighting       | 1 |  1.7
Spellcasting   | 4 5 6 |  6.9
Maces & Flails | 1 2 3 4 |  4.0
Dodging        | |  2.1
Stealth        | |  1.5

Action                   |  1- 3 |  4- 6 |  7- 9 || total
-------------------------+-------+-------+-------++-------
Melee: Short sword       |     2 |     4 |       ||     6
       Flail             |       |    69 |    34 ||   103
       Punch             |       |       |     1 ||     1
 Cast: Magic Dart        |    76 |    18 |    14 ||   108
       Slow              |       |     6 |     1 ||     7
       Searing Ray       |       |     1 |       ||     1
       Fulminant Prism   |       |       |     9 ||     9
       Iskenderun's Myst |       |       |     4 ||     4
  Use: Potion            |       |       |     3 ||     3
 Stab: Sleeping          |       |     5 |     1 ||     6
Armor: Robe              |     1 |    10 |     5 ||    16
Dodge: Dodged            |     5 |    54 |    36 ||    95

Levels and vault maps discovered:
D:1:      dpeg_arrival_tiny_j, layout_basic
D:2:      layout_rooms, basic_ecumenical_altar, serial_shops, shop,
          nicolae_square_shop, minmay_liquid_box, minmay_misc_feat_enclosed,
          minmay_hedge_maze
D:3:      cheibrodos_helix_gallery, layout_rooms, minmay_fountain_box,
          grunt_ministairs_2, hex_medium, minmay_unequal
D:4:      minmay_razor_zed, layout_basic,
          chequers_temple_overflow_statue_of_worship, serial_shops,
          kennysheep_little_box
D:5:      layout_loops_ring, mainiacjoe_overflow_brackets,
          mainiacjoe_overflow_swirl
D:6:      layout_gridville, lemuel_round_altar, lemuel_crystal_altar,
          serial_shops, nicolae_shop_behind_doors

Notes
Turn   | Place    | Note
-------+----------+-------------------------------------------
     0 | D:1      | esteth the Djinni Conjurer began the quest for the Orb.
     0 | D:1      | Reached XP level 1. HP: 15/15 MP: 0/0
     0 | D:1      | magus.rc [v1.11.3]
    56 | D:1      | Reached XP level 2. HP: 10/22 MP: 0/0
   585 | D:1      | Reached skill level 1 in Fighting
  1118 | D:1      | Reached XP level 3. HP: 22/27 MP: 0/0
  1118 | D:1      | Learned a level 1 spell: Slow
  1510 | D:2      | Found Folen's Book Boutique.
  1962 | D:2      | Found a faded altar of an unknown god.
  2155 | D:2      | Reached XP level 4. HP: 31/32 MP: 0/0
  2279 | D:2      | Reached skill level 4 in Spellcasting
  2344 | D:2      | Found Niecesa's Assorted Antiques.
  2658 | D:3      | Identified the +11 flail "Yfeq" {holy, rCorr}
  3242 | D:3      | Reached XP level 5. HP: 38/38 MP: 0/0
  3242 | D:3      | Learned a level 2 spell: Wereblood
  3330 | D:4      | Noticed a phantom
  3343 | D:4      | Killed a phantom
  3344 | D:4      | Reached skill level 1 in Maces & Flails
  3593 | D:4      | Reached XP level 6. HP: 42/43 MP: 0/0
  3704 | D:4      | Reached skill level 2 in Maces & Flails
  3704 | D:4      | Reached skill level 5 in Spellcasting
  3875 | D:4      | Found a sparkling altar of Nemelex Xobeh.
  3878 | D:4      | Found a blossoming altar of Fedhas.
  3932 | D:4      | Noticed an ogre
  3948 | D:4      | Killed an ogre
  3949 | D:4      | Reached XP level 7. HP: 14/48 MP: 0/0
  3949 | D:4      | Learned a level 3 spell: Swiftness
  4231 | D:4      | Found Coenilut's Weapon Shoppe.
  4676 | D:5      | Entered Level 5 of the Dungeon
  4699 | D:5      | Found a stormy altar of Qazlal.
  4715 | D:5      | Found a bloodstained altar of Trog.
  4779 | D:5      | Noticed a water moccasin
  4780 | D:5      | Reached skill level 3 in Maces & Flails
  4788 | D:5      | Killed a water moccasin
  4789 | D:5      | Reached skill level 6 in Spellcasting
  4789 | D:5      | Reached XP level 8. HP: 44/53 MP: 0/0
  4802 | D:5      | HP: 12/53 [sky beast (5)]
  5096 | D:5      | Found a hazy altar of Hepliaklqana.
  5680 | D:5      | Reached skill level 4 in Maces & Flails
  5829 | D:6      | Noticed a kobold demonologist
  5837 | D:6      | HP: 13/53 [white imp[a kobold demonologist] (7)]
  5838 | D:6      | HP: 1/53 [white imp/puff of frost[a kobold demonologist]
                  | (12)]
  5841 | D:6      | Noticed a sixfirhy
  5842 | D:6      | Slain by a sixfirhy

Vanquished Creatures
  A water moccasin (D:5)
  2 sky beasts (D:5)
  An ice beast (D:5)
  A black bear (D:5)
  An ogre (D:4)
  2 phantoms
  A bullfrog (D:4)
  A scorpion (D:4)
  2 howler monkeys
  An iguana (D:4)
  An orc wizard (D:4)
  5 adders
  5 worms
  4 dart slugs
  9 orcs
  9 ball pythons
  3 endoplasms
  8 giant cockroaches
  4 goblins
  8 hobgoblins
  8 jackals
  10 kobolds
  3 quokkas
  6 bats
  3 frilled lizards
  5 rats
104 creatures vanquished.

Vanquished Creatures (others)
  9 fulminant prisms
9 creatures vanquished.

Grand Total: 113 creatures vanquished

Table legend:
 A = Non-vault XP
 B = Vault XP
 C = Vault XP percentage of total XP
 D = Non-vault monster count
 E = Vault monster count
 F = Vault count percentage of total count
                 A         B        C        D         E       F
            +---------+---------+-------+---------+---------+-------
      Total |    1338 |     251 |  15.8 |      86 |      18 |  17.3
            +---------+---------+-------+---------+---------+-------
        D:1 |      32 |       0 |   0.0 |      21 |       0 |   0.0
        D:2 |      43 |       0 |   0.0 |      18 |       0 |   0.0
        D:3 |      46 |      20 |  30.3 |      22 |       8 |  26.7
        D:4 |     346 |     231 |  40.0 |      12 |      10 |  45.5
        D:5 |     857 |       0 |   0.0 |      12 |       0 |   0.0
        D:6 |      14 |       0 |   0.0 |       1 |       0 |   0.0
            +---------+---------+-------+---------+---------+-------

Illustrated notes

Table legend:
 A = Kills in this place as a percentage of kills in entire the game.
 B = Kills by you in this place as a percentage of kills by you in the entire game.
 C = Kills by friends in this place as a percentage of kills by friends in the entire game.
 D = Other kills in this place as a percentage of other kills in the entire game.
 E = Experience gained in this place as a percentage of experience gained in the entire game.
 F = Experience gained in this place divided by the number of levels of this place that you have seen.
                   A       B       C       D       E      F
               +-------+-------+-------+-------+-------+----------------------
         Total | 100.0 | 100.0 |   N/A |   N/A | 100.0 | 264.8
       Dungeon | 100.0 | 100.0 |   N/A |   N/A | 100.0 | 264.8
               +-------+-------+-------+-------+-------+----------------------

Table legend: (Time is in decaauts)
 A = Elapsed time spent in this place.
 B = Non-inter-level travel time spent in this place.
 C = Inter-level travel time spent in this place.
 D = Time resting spent in this place.
 E = Time spent auto-exploring this place.
 F = Levels seen in this place.
 G = Mean time per level.
                   A        B        C        D        E       F      G
               +--------+--------+--------+--------+--------+-----+--------+
         Total |   5874 |   5623 |    251 |    489 |   4537 |   6 |  979.0 |
       Dungeon |   5874 |   5623 |    251 |    489 |   4537 |   6 |  979.0 |
               +--------+--------+--------+--------+--------+-----+--------+

Top non-repeatable levels by time:
     D:1: 1508 daAuts
     D:4: 1412 daAuts
     D:5: 1156 daAuts
     D:2: 956 daAuts
     D:3: 828 daAuts
     D:6: 13 daAuts
